[Event "Live Chess"]
[Site "Chess.com"]
[Date "2024.06.01"]
[Round "-"]
[White "Duke_of_Bebington"]
[Black "booktrunk"]
[Result "0-1"]
[WhiteElo "1598"]
[BlackElo "1386"]
[TimeControl "300"]
[EndTime "9:40:51 PDT"]
[Termination "booktrunk won on time"]

1. e4 b6 2. d4 Bb7 3. Bd3 e6 4. Ne2 Nf6 5. f3 h6 6. Be3 a5 7.
Nbc3 Ba6 8. Bxa6 Nxa6 9. a3 c6 10. Qd2 Nc7 11. O-O Be7 12. Rad1 d5 13. e5 Nd7 14. Ng3 f6 15. f4 f5 16. Nce2 c5 17. c3 Nb5 18. Qd3 c4 19. Qc2 O-O 20. a4 Na7 21. b3 cxb3 22. Qxb3 Nc6 23. Nc1 Qc7 24. Na2 Rfb8 25. c4 dxc4 26. Qxc4 Nf8 27. Nc3 Rc8 28. Nb5 Qd7 29. Qd3 Nb4 30. Qd2 Rc2 31. Qe1 Rac8 32.
Ne2 Nd3 33. Qg3 Rxe2 34. Rxd3 Qe8 35. Rfd1 Rec2 36. d5 Re2 37. dxe6 Rcc2 38. Bf2 Rxf2 39. Qxf2 Rxf2 40. Kxf2 Ng6 41. Nd6 Bxd6 42. Rxd6 Nf8 43.
e7 Qxe7 44. Rd8 Kf7 0-1

[Event "Live Chess"]
[Site "Chess.com"]
[Date "2024.06.01"]
[Round "-"]
[White "LaupMiths"]
[Black "Demyan7777"]
[Result "1-0"]
[WhiteElo "1891"]
[BlackElo "1674"]
[TimeControl "300"]
[EndTime "9:41:07 PDT"]
[Termination "LaupMiths won by checkmate"]

1. Nf3 d5 2. g3 Nf6 3. Bg2 e6 4.
O-O Be7 5. b3 O-O 6. Bb2 c5 7. d3 Nc6 8. Nbd2 b6 9. a4 Bb7 10.
a5 Nxa5 11. c4 Nc6 12. e3 Rc8 13. Qe2 Qc7 14. Rfc1 Rfd8 15. Nh4 a6 16. f4 d4 17. e4 e5 18. f5 Nb4 19. g4 Nxe4 20. Nxe4 Bxh4 21.
g5 Bxe4 22. Bxe4 Bxg5 23. Rf1 Be3+ 24. Kh1 f6 25. Rf3 Qf7 26. Rg3 Bg5 27. Rag1 Kh8 28. Rg4 Rg8 29. h4 Be3 30. R1g2 Qd7 31. Qf1 a5 32. Bc1 Bxc1 33. Qxc1 a4 34. bxa4 Qxa4 35.
h5 Rc7 36. h6 Na2 37. Qg1 Qa7 38. Bd5 Nc3 39. Bxg8 Kxg8 40. Rxg7+ Kf8 41. Rg8+ Ke7 42. R2g7+ Kd6 43. Qg2 Qa1+ 44. Kh2 Rxg7 45. hxg7 Qe1 46. Rd8+ Kc7 47. g8=Q Qh4+ 48. Qh3 Qf2+ 49. Qgg2 Qf4+ 50. Kh1 Qc1+ 51. Qg1 Qxg1+ 52. Kxg1 Ne2+ 53. Kf2 Nf4 54. Qxh7+ Kxd8 55. Qb7 Nxd3+ 56. Kf1 Nf4 57. Qxb6+ Ke7 58. Qxc5+ Kf7 59. Qc7+ Kg8 60. Qd8+ Kg7 61. Qe7+ Kg8 62. Qxf6 d3 63. Qxe5 d2 64. Qe8+ Kg7 65. Qd7+ Kf6 66. Qxd2 Kxf5 67. c5 Ne6 68. c6 Kf6 69. Qd6 Kf7 70. c7 Kf6 71. c8=Q Kg7 72. Qcxe6 Kh7 73. Qg6+ Kh8 74. Qf8# 1-0

[Event "Live Chess"]
[Site "Chess.com"]
[Date "2024.06.01"]
[Round "-"]
[White "Andysav3"]
[Black "NAZRIZ1977"]
[Result "1-0"]
[WhiteElo "1856"]
[BlackElo "2115"]
[TimeControl "300"]
[EndTime "9:41:10 PDT"]
[Termination "Andysav3 won by resignation"]

1. e4 c5 2. c3 Nf6 3. e5 Nd5 4. d4 cxd4 5. Bc4 Nb6 6. Bb3 d6 7. exd6 Qxd6 8. cxd4 g6 9. Nc3 a6 10. Nge2 Bg7 11. O-O O-O 12. Bf4 e5 13. dxe5 Qxd1 14. Raxd1 Nc6 15. Be3 Nd7 16. f4 Kh8 17. Nd5 Na5 18. Bc2 Nc4 19. Bc1 b5 20. b3 Ncb6 21. Nxb6 Nxb6 22. Be4 1-0

[Event "Live Chess"]
[Site "Chess.com"]
[Date "2024.06.01"]
[Round "-"]
[White "peteopeteo"]
[Black "CarmelJane"]
[Result "0-1"]
[WhiteElo "1622"]
[BlackElo "2117"]
[TimeControl "300"]
[EndTime "9:41:30 PDT"]
[Termination "CarmelJane won by resignation"]

1. e4 c5 2. a3 e6 3. b4 d5 4. exd5 exd5 5. Bb5+ Nc6 6. bxc5 Bxc5 7. Bxc6+ bxc6 8. d4 Bd6 9. Nf3 Nf6 10. O-O h6 11. Re1+ Be6 12. Ne5 Qc7 13. Bf4 O-O 14. Nd2 Nd7 15. Ndf3 Nxe5 16. Nxe5 Bxe5 17. Bxe5 Qd8 18. Rb1 Qe7 19. Re3 Rac8 20. Qd3 c5 21. Rg3 f6 22. Bf4 g5 23. h4 Kh8 24. hxg5 fxg5 25.
Be5+ Rf6 26. Qg6 Rf8 27. Qxh6+ Qh7 28. Qxh7+ Kxh7 29. Bxf6 Rxf6 30. Rxg5 Kh6 31. Rg3 cxd4 32. Rb8 Kh7 33. Rb7+ Kh6 34. Rxa7 Bf5 35. Rf3 Kg6 36. a4 Bxc2 37. Rxf6+ Kxf6 38. a5 d3 39. Ra6+ Ke5 40. Rc6 d2 41. Rxc2 d1=Q+ 42. Kh2 Qxc2 43. a6 Qc6 44. a7 Qb7 45. f3 Qxa7 46. g3 d4 47. f4+ Ke4 48. g4 Qa3 49. g5 d3 0-1

[Event "Live Chess"]
[Site "Chess.com"]
[Date "2024.06.01"]
[Round "-"]
[White "mrsmarple1968"]
[Black "Ksenia_2013"]
[Result "1-0"]
[WhiteElo "1795"]
[BlackElo "725"]
[TimeControl "300"]
[EndTime "9:41:34 PDT"]
[Termination "mrsmarple1968 won by checkmate"]

1. e4 e5 2. Bc4 Nf6 3. d3 Bc5 4. Nf3 O-O 5. c3 Nc6 6. O-O d6 7. Re1 Bg4 8. Nbd2 Na5 9. Bb5 c6 10. Ba4 b5 11. Bc2 d5 12. h3 Be6 13. Nxe5 Bd6 14. Nef3 Bxh3 15. gxh3 Nh5 16. e5 Re8 17. exd6 Rxe1+ 18. Qxe1 Qxd6 19. Qe5 Qg6+ 20. Qg5 Qe6 21. Qg4 Nf6 22. Qxe6 fxe6 23. Ne5 Rf8 24. d4 Nb7 25. Nxc6 Ne4 26. Bxe4 dxe4 27. Nxe4 Rf3 28. Kg2 Rf4 29. Bxf4 h6 30. Nd6 Nxd6 31. Bxd6 g5 32. Re1 Kg7 33.
Rxe6 Kf7 34. Re1 Kg6 35. Nxa7 h5 36. Nxb5 Kf5 37. a4 g4 38. a5 gxh3+ 39. Kxh3 Kg5 40.
a6 h4 41. a7 Kh5 42. a8=Q Kg5 43. Qf8 Kh5 44. Qf5+ Kh6 45. Kxh4 Kg7 46. Rg1+ Kh8 47. Kg4 Kg8 48. Kf4+ Kh8 49. Qh5# 1-0

[Event "Live Chess"]
[Site "Chess.com"]
[Date "2024.06.01"]
[Round "-"]
[White "Ferrarifan27"]
[Black "ggosyaa"]
[Result "1-0"]
[WhiteElo "2070"]
[BlackElo "596"]
[TimeControl "300"]
[EndTime "9:41:35 PDT"]
[Termination "Ferrarifan27 won by checkmate"]

1. e4 c6 2. d4 d5 3. e5 Bf5 4. h4 f6 5. Nf3 e6 6. exf6 Nxf6 7. Bg5 Be7 8. Bd3 h6 9. Bf4 Nbd7 10. Bxf5 exf5 11.
O-O Ng4 12. Nc3 Bxh4 13. Nxh4 Qxh4 14. Bg3 Qg5 15. Re1+ Kd8 16. Qf3 Ndf6 17. Bf4 Qh5 18. Re6 Re8 19. Rxe8+ Kxe8 20. Re1+ Kf7 21. Na4 b5 22. Nc5 Ne4 23. Nxe4 dxe4 24. Qb3+ Kg6 25. Qe6+ Nf6 26. Qxc6 Qg4 27. g3 Re8 28. Qxb5 Nh5 29.
Qxe8+ Kf6 30. Be5+ Kg5 31. f4+ Nxf4 32. Bxf4+ Kf6 33. Be5+ Kg5 34. Rf1 Qe2 35. Qe7+ Kg4 36. Qxg7+ Kh3 37. Qxh6+ Kg4 38. Qh4# 1-0

[Event "Live Chess"]
[Site "Chess.com"]
[Date "2024.06.01"]
[Round "-"]
[White "Isambard_Thomas"]
[Black "TigerTank70"]
[Result "1-0"]
[WhiteElo "2115"]
[BlackElo "2177"]
[TimeControl "300"]
[EndTime "9:42:09 PDT"]
[Termination "Isambard_Thomas won by resignation"]

1. d4 d5 2. Bg5 h6 3. Bf4 h5 4. e3 e5 5. dxe5 g5 6. Bxg5 Qxg5 7. Qxd5 Nf6 8. Qb5+ c6 9. Nf3 Qg6 10. Qb3 Nd5 11. Nc3 Bb4 12. Nd2 Bxc3 13. bxc3 Nd7 14. c4 N5b6 15. Nf3 Nc5 16. Qb4 Nba4 17. O-O-O O-O 18.
Bd3 Nxd3+ 19. Rxd3 Nb6 20. c5 Nd5 21. Qd2 Bf5 22.
Rd4 b6 23. Nh4 Qe6 24. e4 bxc5 25. exd5 Qxe5 26. Qg5+ Kh8 27. Qxh5+ Kg8 28. Nxf5 cxd4 29. Nh6+ 1-0

[Event "Live Chess"]
[Site "Chess.com"]
[Date "2024.06.01"]
[Round "-"]
[White "TC2304"]
[Black "EdenHazard8"]
[Result "1-0"]
[WhiteElo "2343"]
[BlackElo "2173"]
[TimeControl "300"]
[EndTime "9:42:11 PDT"]
[Termination "TC2304 won by resignation"]

1. e4 e5 2. Nf3 Nc6 3. Bc4 Nf6 4. d3 Bc5 5. O-O d6 6. c3 O-O 7. h3 a6 8. Bb3 h6 9. Re1 Ba7 10. Nbd2 Be6 11. Nf1 Qd7 12. Ng3 Bxh3 13. gxh3 Qxh3 14. Be3 Bxe3 15. Rxe3 Ng4 16. Re2 h5 17. Qf1 Qxf1+ 18.
Rxf1 g6 19. Nh2 Nf6 20. f4 Kg7 21. f5 h4 22. Nh1 g5 23. Nf2 Nh5 24. f6+ Kxf6 25.
Nfg4+ Kg7 26. Ne3 Ne7 27. Nf5+ Nxf5 28. Rxf5 Ng3 29. Rxg5+ Kh6 30. Rxg3 hxg3 31. Nf3 f5 32. exf5 Rxf5 33. Kg2 Kh5 34. Re1 Raf8 35. Rh1+ Kg6 36.
Bd5 Rf4 37. Be4+ Kg7 38. Rh7+ Kg8 39. Rxc7 1-0

[Event "Live Chess"]
[Site "Chess.com"]
[Date "2024.06.01"]
[Round "-"]
[White "Inglaterra"]
[Black "edward33_24h"]
[Result "1-0"]
[WhiteElo "2037"]
[BlackElo "624"]
[TimeControl "300"]
[EndTime "9:42:13 PDT"]
[Termination "Inglaterra won by checkmate"]

1. c4 Nf6 2. Nf3 e6 3. Nc3 c6 4. d4 d5 5. e3 Bb4 6. Be2 Bxc3+ 7. bxc3 Ne4 8. Qc2 Qa5 9. Bd2 Nxd2 10. Nxd2 Nd7 11. O-O Nf6 12. f3 O-O 13. e4 dxe4 14.
fxe4 Qg5 15. e5 Ng4 16. Rf3 Nxh2 17. Kxh2 Qh4+ 18. Kg1 f6 19. Rh3 Qf4 20. Qxh7+ Kf7 21. Bh5+ Ke7 22. Qxg7+ Rf7 23. Qxf7+ Kd8 24. Qf8+ Kd7 25.
Qd6# 1-0

[Event "Live Chess"]
[Site "Chess.com"]
[Date "2024.06.01"]
[Round "-"]
[White "JP56789"]
[Black "nitrofish07"]
[Result "0-1"]
[WhiteElo "2252"]
[BlackElo "2143"]
[TimeControl "300"]
[EndTime "9:42:14 PDT"]
[Termination "nitrofish07 won by resignation"]

1. e4 c5 2. Nf3 d6 3. Bb5+ Bd7 4. Bxd7+ Nxd7 5. O-O g6 6. Re1 Bg7 7. c3 Ngf6 8. d4 O-O 9. h3 e5 10. Bg5 h6 11.
Bh4 g5 12. Bg3 Nh5 13. Bh2 Nf4 14. dxe5 dxe5 15. Na3 a6 16. Nc4 b5 17. Ne3 c4 18.
Nf5 Nc5 19. Nxg7 Kxg7 20. Nxe5 Qxd1 21. Raxd1 Rfe8 22. Bxf4 gxf4 23. Rd5 Rxe5 0-1

[Event "Live Chess"]
[Site "Chess.com"]
[Date "2024.06.01"]
[Round "-"]
[White "Harry_Li"]
[Black "DJ_Lambton"]
[Result "1-0"]
[WhiteElo "2181"]
[BlackElo "1745"]
[TimeControl "300"]
[EndTime "9:42:16 PDT"]
[Termination "Harry_Li won by resignation"]

1. e4 c6 2. d4 d5 3. e5 Bf5 4. Nf3 e6 5. Be2 c5 6. c3 Nc6 7. O-O Nge7 8. dxc5 Nc8 9. b4 a5 10. Nd4 axb4 11. cxb4 Nxb4 12. Bb5+ Nc6 13. Nxc6 bxc6 14.
Bxc6+ 1-0

[Event "Live Chess"]
[Site "Chess.com"]
[Date "2024.06.01"]
[Round "-"]
[White "nigelst"]
[Black "Eva3337"]
[Result "0-1"]
[WhiteElo "1729"]
[BlackElo "1143"]
[TimeControl "300"]
[EndTime "9:42:25 PDT"]
[Termination "Eva3337 won on time"]

1. e4 d5 2. exd5 Qxd5 3. Nc3 Qd8 4. d4 Nf6 5. Nf3 Bg4 6. h3 Bh5 7. g4 Bg6 8. Ne5 e6 9. h4 h6 10. h5 Bh7 11. Be3 Nc6 12. Bb5 a6 13. Bxc6+ bxc6 14. Nxc6 Qd5 15. O-O Qxc6 16. f4 Bb4 17. d5 exd5 18.
g5 Ne4 19. Nxe4 dxe4 20. Qd4 Ba5 21. Qxg7 O-O-O 22. Qxf7 Bb6 23. Qb3 Bxe3+ 24. Qxe3 Rhg8 25. g6 Bxg6 26. hxg6 Qxg6+ 27. Kf2 Qg2+ 28. Ke1 Qxc2 29. Rc1 Qxb2 30. Qc5 Rd7 31. Rc2 Qb1+ 32. Kf2 Qb7 33. Qc4 Qb6+ 34. Ke1 Qe3+ 35. Re2 Qg3+ 36. Ref2 Qe3+ 37.
Re2 Qb6 38. Qxg8+ Kb7 39. Qc4 Qc6 40. Qxe4 Qxe4 41. Rxe4 c6 42. Rb4+ Kc7 43. Rg1 c5 44. Rg8 Kc6 45. Rbb8 Kd6 0-1

[Event "Live Chess"]
[Site "Chess.com"]
[Date "2024.06.01"]
[Round "-"]
[White "13Alexey"]
[Black "PatientChessPapa"]
[Result "1-0"]
[WhiteElo "749"]
[BlackElo "822"]
[TimeControl "300"]
[EndTime "9:42:29 PDT"]
[Termination "13Alexey won on time"]

1. d4 d5 2. Bf4 Nf6 3. Nf3 e6 4. e3 Bd6 5. Bg3 O-O 6. Bd3 c5 7. c3 Qc7 8. Ne5 Nbd7 9. f4 Ne8 10. Nd2 Ndf6 11. Qf3 Qb6 12. O-O-O cxd4 13. exd4 Qa5 14.
Kb1 b6 15. Bh4 Ba6 16. Bc2 Rc8 17. g4 b5 18. g5 Ne4 19. Nxe4 dxe4 20. Qxe4 g6 21.
Rhg1 b4 22. cxb4 Qxb4 23. Nd7 Rxc2 24. Qxc2 1-0

[Event "Live Chess"]
[Site "Chess.com"]
[Date "2024.06.01"]
[Round "-"]
[White "Zhevzh1k7"]
[Black "Trendle"]
[Result "0-1"]
[WhiteElo "1067"]
[BlackElo "2621"]
[TimeControl "300"]
[EndTime "9:42:41 PDT"]
[Termination "Trendle won by resignation"]

1. e4 e5 2. Nf3 Nf6 3. Nc3 Nc6 4. Bc4 Bb4 5. d3 d5 6. exd5 Nxd5 7. Bd2 Be6 8. a3 Nxc3 9. Bb3 Nxd1 10.
Kxd1 Bxb3 11. cxb3 Bxd2 12. Kxd2 e4 13. Ne1 O-O 14. Rd1 Nd4 15. dxe4 Qg5+ 16. Kc3 Qc5+ 17. Kd3 Rad8 18. Ke3 Nxb3+ 19. Kf3 Rxd1 0-1

[Event "Live Chess"]
[Site "Chess.com"]
[Date "2024.06.01"]
[Round "-"]
[White "Queensandpawns"]
[Black "f4nomore"]
[Result "1-0"]
[WhiteElo "2469"]
[BlackElo "1196"]
[TimeControl "300"]
[EndTime "9:42:48 PDT"]
[Termination "Queensandpawns won by resignation"]

1. e4 g6 2. a4 Bg7 3. Nc3 c6 4. d4 d6 5. Nf3 Nd7 6. a5 Ngf6 7. Bd3 O-O 8. h3 c5 9. Be3 cxd4 10. Bxd4 b6 11. axb6 Nxb6 12. O-O Bb7 13. Be3 e6 14. Qd2 Qc7 15. Bh6 Nc4 16. Qc1 Nxb2 17. Bxg7 Nxd3 18.
cxd3 Kxg7 19. Qd2 a6 20. Rac1 Rac8 21. Nd5 Qe7 22. Nxe7 1-0

[Event "Live Chess"]
[Site "Chess.com"]
[Date "2024.06.01"]
[Round "-"]
[White "vincents82"]
[Black "Crowded_House"]
[Result "1-0"]
[WhiteElo "2137"]
[BlackElo "1736"]
[TimeControl "300"]
[EndTime "9:42:53 PDT"]
[Termination "vincents82 won by resignation"]

1. e4 e6 2. d4 d5 3. Nd2 dxe4 4. Nxe4 Bd7 5. Nf3 Bc6 6. Bd3 Nd7 7. O-O Ngf6 8. Nxf6+ Qxf6 9. c3 h6 10. Nd2 Bd6 11.
Ne4 Bxe4 12. Bxe4 c6 13. Qf3 Qxf3 14. Bxf3 O-O 15. Be3 Nf6 16. a4 Nd5 17. Bd2 Rfe8 18. g3 Rad8 19. a5 a6 20. Rfe1 Nf6 21. Be3 Nd5 22.
c4 Nxe3 23. fxe3 Bc7 24. Red1 Rd7 25. b4 Rde7 26. b5 axb5 27. cxb5 cxb5 28. Bxb7 Bxg3 29.
a6 Bb8 30. Rdb1 Ba7 31. Rxb5 Rc7 32. Rab1 Rd8 33. Be4 Rc3 34. R5b3 Rdc8 35. Rxc3 Rxc3 36. Rb7 Rxe3 37. Rxa7 Rxe4 38. Rb7 Rxd4 39. a7 Rd1+ 40. Kf2 Ra1 41. Rb8+ Kh7 42. a8=Q 1-0

[Event "Live Chess"]
[Site "Chess.com"]
[Date "2024.06.01"]
[Round "-"]
[White "Grieve72"]
[Black "gmnorfolk"]
[Result "1-0"]
[WhiteElo "2637"]
[BlackElo "2106"]
[TimeControl "300"]
[EndTime "9:42:59 PDT"]
[Termination "Grieve72 won by resignation"]

1. d4 Nf6 2. Nf3 g6 3. Bg5 Bg7 4. Nbd2 d6 5. e4 h6 6. Bh4 Nbd7 7. e5 dxe5 8. dxe5 Nd5 9. e6 fxe6 10. c3 N7f6 11. Qc2 g5 12. Ne5 O-O 13. Bg3 Nh5 14.
Ng6 Nxg3 15. hxg3 Rf6 16. Bd3 Bd7 17. O-O-O Be8 18. Ne5 Rxf2 19. Ng4 Rf6 20. Ne4 Qc8 21. Nexf6+ exf6 22. Nxh6+ Kf8 23. Qf2 c5 24. c4 Nb4 25.
Ng4 Nxd3+ 26. Rxd3 Bg6 27. Re3 Qd8 28. Rxe6 Qd3 29.
Rxf6+ Kg8 30. Rxg6 Qxg6 31. Qf3 Rd8 32. Rd1 Rxd1+ 33.
Qxd1 Qf5 34. Qd5+ Qxd5 35. cxd5 Be5 36. Nxe5 1-0

[Event "Live Chess"]
[Site "Chess.com"]
[Date "2024.06.01"]
[Round "-"]
[White "KyryloPoluliakh"]
[Black "Mangoalo"]
[Result "1/2-1/2"]
[WhiteElo "1457"]
[BlackElo "995"]
[TimeControl "300"]
[EndTime "9:43:12 PDT"]
[Termination "Game drawn by repetition"]

1. c4 Nf6 2. Nc3 e6 3. g3 Bb4 4. Bg2 O-O 5. e3 Re8 6. Nge2 d5 7. cxd5 exd5 8. d4 c5 9. O-O cxd4 10. Nxd4 Nc6 11. Nc2 Bxc3 12. bxc3 Bg4 13. Qd2 Ne5 14. Nd4 Ne4 15. Qc2 Nxg3 16. hxg3 Qf6 17. Bxd5 Nf3+ 18. Bxf3 Bxf3 19. Nxf3 Qxf3 20. Qd1 Qc6 21. f4 Rad8 22. Qf3 Qc5 23. Kg2 Re6 24. Rf2 Rf6 25. Re2 g5 26. Qg4 Qc6+ 27. Kf2 h6 28. Bb2 Kh7 29. c4 gxf4 30.
Bxf6 fxe3+ 31. Rxe3 Rd2+ 32. Re2 Qxf6+ 33. Qf3 Rxe2+ 34.
Kxe2 Qxa1 35. Qxf7+ Kh8 36. Qxb7 Qxa2+ 37. Ke3 Qxc4 38. Qxa7 Qe6+ 39. Kf3 Qf5+ 40. Kg2 Qc2+ 41. Kh3 Qf5+ 42. g4 Qf3+ 43. Kh4 Qf6+ 44. Kg3 Qe5+ 45. Kg2 Qe4+ 46. Kh3 Qf3+ 47. Kh4 Qf6+ 48. Kg3 Qe5+ 49. Kf3 Qf6+ 50. Kg3 1/2-1/2

[Event "Live Chess"]
[Site "Chess.com"]
[Date "2024.06.01"]
[Round "-"]
[White "Tatarinov_Maxim"]
[Black "Pizzaman313"]
[Result "1-0"]
[WhiteElo "2292"]
[BlackElo "1194"]
[TimeControl "300"]
[EndTime "9:43:17 PDT"]
[Termination "Tatarinov_Maxim won by resignation"]

1. Nf3 Nc6 2. g3 d5 3. d3 Bg4 4.
Bg2 e6 5. O-O Nf6 6. c4 Be7 7.
cxd5 exd5 8. Nc3 O-O 9. Bf4 Bxf3 10. Bxf3 Nd4 11. Bg2 c6 12. Qa4 Ne6 13. Bd2 d4 14. Ne4 Nxe4 15. Bxe4 Nc5 16. Qc2 Nxe4 17. dxe4 Bf6 18.
Rfd1 Qe7 19. a3 Rfe8 20. f3 Rad8 21. Rac1 Qc7 22. Kg2 Qb6 23. b4 Qa6 24. Qd3 Qa4 25. Bf4 h6 26. Rc5 b6 27. Rc4 g5 28. Bc1 a5 29. Bb2 axb4 30. Rxb4 Qa7 31. Qb3 Rb8 32. Bxd4 Bxd4 33. Rbxd4 Ra8 34. Rd7 1-0

[Event "Live Chess"]
[Site "Chess.com"]
[Date "2024.06.01"]
[Round "-"]
[White "Berdgross"]
[Black "Nathaniel250"]
[Result "0-1"]
[WhiteElo "579"]
[BlackElo "1470"]
[TimeControl "300"]
[EndTime "9:43:23 PDT"]
[Termination "Nathaniel250 won by resignation"]

1. e4 c5 2. d3 e6 3. Nf3 d5 4.
exd5 exd5 5. Qe2+ Be6 6. Nc3 Be7 7. Bg5 Bxg5 8. Nxg5 Qxg5 9. h4 Qd8 10. O-O-O Nf6 11.
Re1 O-O 12. f3 Nc6 13. d4 cxd4 14. Nb5 Re8 15. Qf2 a6 16. Nxd4 Nxd4 17. Qxd4 Bf5 18. Rxe8+ Qxe8 19. Bd3 Bxd3 20. cxd3 Rc8+ 21. Kd2 Qc6 22.
Qe3 Qc2+ 23. Ke1 Qc1+ 24. Qxc1 Rxc1+ 25. Kf2 Rxh1 0-1

[Event "Live Chess"]
[Site "Chess.com"]
[Date "2024.06.01"]
[Round "-"]
[White "Pedrada88"]
[Black "Keithdfg"]
[Result "1-0"]
[WhiteElo "2552"]
[BlackElo "1731"]
[TimeControl "300"]
[EndTime "9:43:33 PDT"]
[Termination "Pedrada88 won by resignation"]

1. e4 d6 2. Nf3 Nf6 3. Nc3 e5 4. Bc4 h6 5. d4 Nbd7 6. O-O Be7 7. Re1 c6 8. a4 a5 9. dxe5 Nxe5 10. Nxe5 dxe5 11.
Qxd8+ Bxd8 12. Be3 Bc7 13. Bc5 Be6 14. Bxe6 fxe6 15.
Rad1 Kf7 16. f3 Rhd8 17. Kf2 Nd7 18. Be3 Nb6 19. b3 Ke8 20. Bc5 Nd7 21. Be3 Nb6 22. g4 Kf7 23. h4 Rxd1 24. Nxd1 Rd8 25. Nb2 Nd7 26. Nc4 Nb8 27. Bd2 b6 28. Bc3 Nd7 29. Rd1 Ke7 30. g5 h5 31. Ke3 g6 32. Bb2 Ra8 33.
Ba3+ c5 34. Bb2 Rf8 35. Na3 Rf4 36. Nb5 Bb8 37. Rh1 Nf8 38. Ke2 Rf7 39. Bc1 Kd8 40. Be3 Rd7 41. Rf1 Ke7 42. f4 exf4 43. Bxf4 e5 44. Bd2 Ne6 45. Rf6 1-0

[Event "Live Chess"]
[Site "Chess.com"]
[Date "2024.06.01"]
[Round "-"]
[White "SirGerhard"]
[Black "halfberg"]
[Result "1-0"]
[WhiteElo "2760"]
[BlackElo "1903"]
[TimeControl "300"]
[EndTime "9:43:37 PDT"]
[Termination "SirGerhard won by checkmate"]

1. e4 c5 2. Nc3 Nc6 3. Bb5 Nd4 4. Bc4 e6 5. Nge2 Nxe2 6. Qxe2 a6 7. a4 g6 8. O-O Bg7 9. d3 Ne7 10. a5 O-O 11.
Be3 Qc7 12. f4 d6 13. Qf2 Bd7 14. e5 Rfc8 15. exd6 Qxd6 16. Ne4 Qc7 17. Bxc5 Bc6 18.
Bb6 Qd7 19. Nc5 Qe8 20. c3 Nd5 21. d4 Nxb6 22. axb6 Qe7 23. Rfe1 Qd6 24. Nxe6 fxe6 25. Rxe6 Qb8 26. Re8# 1-0

[Event "Live Chess"]
[Site "Chess.com"]
[Date "2024.06.01"]
[Round "-"]
[White "raimundklein"]
[Black "TheSmoulderingMaster"]
[Result "0-1"]
[WhiteElo "1574"]
[BlackElo "1747"]
[TimeControl "300"]
[EndTime "9:43:40 PDT"]
[Termination "TheSmoulderingMaster won by resignation"]

1. e4 c5 2. Nf3 d6 3. c3 Nc6 4. d4 cxd4 5. cxd4 Nf6 6. Nc3 g6 7. Bb5 Bd7 8. O-O Bg7 9. h3 O-O 10.
Be3 a6 11. Be2 b5 12. a3 Rb8 13. Qd2 Na5 14. Rae1 Rc8 15. Bh6 Nc4 16. Qg5 Nxb2 17.
Bxg7 Kxg7 18. e5 dxe5 19. dxe5 Nh5 20. Ne4 Bc6 21. Nfd2 Nc4 22. g4 f6 23. exf6+ exf6 24. Qh4 Nxd2 25. Nxd2 Qxd2 26. gxh5 Qd5 27. f3 Rfe8 28.
hxg6 hxg6 29. Qg4 Bd7 30. Qg2 Re3 31. Rd1 Qc5 32. Kh1 Bc6 33. Bd3 Qh5 34. Be4 Bxe4 35.
Rd7+ Kh6 36. fxe4 Rxh3+ 37. Kg1 Qc5+ 38. Qf2 Qg5+ 39. Qg2 Rg3 0-1

[Event "Live Chess"]
[Site "Chess.com"]
[Date "2024.06.01"]
[Round "-"]
[White "Tilbs_12"]
[Black "defenderalist"]
[Result "0-1"]
[WhiteElo "1651"]
[BlackElo "1513"]
[TimeControl "300"]
[EndTime "9:43:41 PDT"]
[Termination "defenderalist won on time"]

1. d4 Nf6 2. Nc3 e6 3. e4 d5 4. e5 Nfd7 5. Nce2 c5 6. c3 Nc6 7. Nf3 Be7 8. a3 O-O 9. b4 cxd4 10. cxd4 f6 11. Nf4 Nb6 12. b5 Na5 13. Bd3 fxe5 14. dxe5 Nac4 15. O-O Bg5 16. Nh3 Bxc1 17. Qxc1 Bd7 18.
a4 Rc8 19. Qb1 Rxf3 20. Bxh7+ Kh8 21. gxf3 Nd2 22. Qg6 Qh4 23. Ng5 Be8 24. Nf7+ Bxf7 25. Qxf7 Kxh7 26. Qxe6 Nxf3+ 27. Kg2 Rf8 28. Qh3 Qxh3+ 29.
Kxh3 Nxe5 30. f4 Nd3 31. Kg3 Nc5 32. Rad1 Ne4+ 33. Kg4 Nc4 34. Rxd5 Ne3+ 35. Kf3 Nxd5 36. Kxe4 Nc3+ 37. Ke5 Nxa4 38. Kd6 Nb6 39. Kc7 Rf7+ 40. Kd8 Kg6 41. f5+ Rxf5 42. Rg1+ Rg5 43. Rd1 Rd5+ 44.
Rxd5 Nxd5 45. Kc8 b6 46. Kb7 Kf6 47. Kxa7 Ke5 48. Kb7 g5 0-1

[Event "Live Chess"]
[Site "Chess.com"]
[Date "2024.06.01"]
[Round "-"]
[White "FlyingChessKestrel13"]
[Black "jumush"]
[Result "1/2-1/2"]
[WhiteElo "2126"]
[BlackElo "1740"]
[TimeControl "300"]
[EndTime "9:43:45 PDT"]
[Termination "Game drawn - insufficient material"]

1. d4 d5 2. c4 e6 3. Nf3 Be7 4. g3 h6 5. Bg2 Nf6 6. O-O O-O 7. Nc3 b6 8. b3 Bb7 9. Ne5 Nbd7 10. Nxd7 Qxd7 11.
Bb2 c5 12. e3 Rac8 13. Rc1 Rfd8 14. cxd5 Nxd5 15. Nxd5 Bxd5 16. dxc5 Bxc5 17. e4 Bb7 18. Qxd7 Rxd7 19. e5 Rcd8 20. Bxb7 Rxb7 21. a3 a5 22. Rc4 Rbd7 23. b4 axb4 24. axb4 Be7 25.
Rc6 b5 26. Bc3 Rd5 27. Ra1 R8d7 28. Ra8+ Kh7 29. Kg2 Kg6 30. Rb8 Bd8 31. g4 Bc7 32. Rb7 Bd8 33. Rxd7 Rxd7 34. Rc5 Rc7 35. f4 Rxc5 36.
bxc5 Bc7 37. Kf3 f6 38. Ke4 Kf7 39. f5 Ke7 40. fxe6 Kxe6 41. exf6 gxf6 42. Bd2 Bxh2 43. Bxh6 Bg1 44. c6 Kd6 45. Bg7 Kxc6 46. Bxf6 b4 47. g5 Kd7 48. g6 Ke6 49. Bb2 Bc5 50. Kd3 Bf8 51. Kc4 Kf5 52. g7 Bxg7 53. Kxb4 1/2-1/2

[Event "Live Chess"]
[Site "Chess.com"]
[Date "2024.06.01"]
[Round "-"]
[White "akp42"]
[Black "RuslanChessN"]
[Result "0-1"]
[WhiteElo "2000"]
[BlackElo "1980"]
[TimeControl "300"]
[EndTime "9:43:47 PDT"]
[Termination "RuslanChessN won by checkmate"]

1. e4 c6 2. Nc3 d5 3. Nf3 Bg4 4. h3 Bh5 5. g4 Bg6 6. exd5 cxd5 7. d4 Nc6 8. Bd3 e6 9. Bxg6 hxg6 10.
Bg5 Qb6 11. Qd2 Nf6 12. O-O-O Bb4 13. Ne5 Ne4 14. Qe3 Bxc3 15. bxc3 Qa5 16. Nxc6 bxc6 17.
f3 Qa3+ 18. Kb1 Rb8+ 19. Ka1 Qb2# 0-1

[Event "Live Chess"]
[Site "Chess.com"]
[Date "2024.06.01"]
[Round "-"]
[White "SvitlanaJ"]
[Black "Dhaydon19"]
[Result "0-1"]
[WhiteElo "386"]
[BlackElo "2699"]
[TimeControl "300"]
[EndTime "9:43:51 PDT"]
[Termination "Dhaydon19 won by checkmate"]

1. e4 c6 2. d4 d5 3. e5 c5 4. Be3 cxd4 5. Bxd4 Nc6 6. Nf3 Bg4 7. Be2 Bxf3 8.
Bxf3 e6 9. Nc3 Nge7 10. O-O Nf5 11. Ne2 Nfxd4 12. Nxd4 Nxe5 13. c3 Be7 14. Qa4+ Qd7 15. Nb5 O-O 16. Rae1 Nxf3+ 17. gxf3 a6 18. Qg4 axb5 19.
Re5 g6 20. h4 Bf6 21. Rh5 Ra4 22. Qg3 Kh8 23. Rxh7+ Kxh7 24. h5 gxh5 25. f4 Rh8 26.
Qd3+ Kh6 27. Qd2 Rg8+ 28. Kh1 Rg4 29. f5+ Bg5 30. Qc2 Rh4+ 31. Kg1 Rag4# 0-1

[Event "Live Chess"]
[Site "Chess.com"]
[Date "2024.06.01"]
[Round "-"]
[White "Trendle"]
[Black "13Alexey"]
[Result "1-0"]
[WhiteElo "2621"]
[BlackElo "749"]
[TimeControl "300"]
[EndTime "9:44:11 PDT"]
[Termination "Trendle won by resignation"]

1. d4 d5 2. Bf4 Bf5 3. e3 e6 4. c4 c6 5. Nc3 Nf6 6. Nf3 Be7 7. Be2 Nbd7 8. Nh4 Ne4 9. Nxf5 exf5 10. cxd5 cxd5 11. O-O O-O 12. Nxd5 Bb4 13. Nxb4 1-0

[Event "Live Chess"]
[Site "Chess.com"]
[Date "2024.06.01"]
[Round "-"]
[White "AnotherOneBadPlayer"]
[Black "Richardallis"]
[Result "1-0"]
[WhiteElo "2102"]
[BlackElo "1935"]
[TimeControl "300"]
[EndTime "9:44:20 PDT"]
[Termination "AnotherOneBadPlayer won by resignation"]

1. Nf3 f5 2. b3 Nf6 3. Bb2 g6 4. e3 Bg7 5. Be2 d5 6. O-O O-O 7. d4 Ne4 8. c4 e6 9. Nbd2 c5 10.
Ne5 b6 11. Nxe4 fxe4 12. Rc1 Bxe5 13. dxe5 Nd7 14. cxd5 Qg5 15. dxe6 Nxe5 16. Qd6 Rd8 17. Qxe5 Qxe5 18. Bxe5 Bxe6 19. Rfd1 Kf7 20. Bc4 Ke7 21. Bf4 Rxd1+ 22. Rxd1 Bf5 23. Bd5 Rc8 24. Bg5+ Ke8 25. h3 h5 26. Bc4 Bd7 27. Bf7+ Kxf7 28. Rxd7+ Ke6 29. Rxa7 Rc6 30. Rg7 Kf5 31. h4 Rd6 32. Rf7+ Ke6 33. Rf6+ Ke5 34. Rxd6 Kxd6 35. Kf1 1-0